 Dungeon Crawl Stone Soup version 0.25-a0-610-gd0df705f03 (webtiles) character file.

Game seed: 15630649236109783984, levelgen mode: deterministic

1482 mopl the Artisan of Death (level 8, -1/56 HPs)
             Began as a Demonspawn Necromancer on Mar 16, 2020.
             Was a Priest of Kikubaaqudgha.
             Slain by a gnoll
             ... wielding the +6 spear "Weimyuxt" {distort, Dex+4}
              (5 damage)
             ... on level 3 of the Dungeon.
             The game lasted 00:17:22 (8151 turns).

mopl the Artisan of Death (Demonspawn Necromancer)  Turns: 8151, Time: 00:17:24

Health: -1/56      AC:  6    Str: 10      XL:     8   Next: 50%
Magic:  17/17      EV: 12    Int: 18      God:    Kikubaaqudgha [***...]
Gold:   497        SH:  0    Dex: 11 (13) Spells: 6/19 levels left

rFire    + . .     SeeInvis +   t - +5 falchion of Chaos {vamp, rF+ rN+ SInv Stlth-}
rCold    . . .     Gourm    .   (no shield)
rNeg     + + .     Faith    .   i - +2 robe {rN+}
rPois    .         Spirit   .   (helmet restricted)
rElec    .         Reflect  .   E - +0 cloak
rCorr    +         Harm     .   I - +0 pair of gloves
MR       .....                  (no boots)
Stlth    +.........             (no amulet)
HPRegen  0.18/turn              w - ring of see invisible
MPRegen  0.15/turn              F - ring of resist corrosion

@: about to teleport
A: antennae 1, foul stench 1, rot immunity
a: Receive Corpses, Renounce Religion


You were on level 3 of the Dungeon.
You worshipped Kikubaaqudgha.
Kikubaaqudgha was most pleased with you.
You were not hungry.

You visited 1 branch of the dungeon, and saw 6 of its levels.
You also visited: Sewer and Ossuary.

You collected 497 gold pieces.

Inventory:

Hand Weapons
 f - a +0 short sword
 m - a +0 falchion
 t - the +5 falchion of Chaos (weapon) {vamp, rF+ rN+ SInv Stlth-}
   (You took it off a gnoll on level 4 of the Dungeon)

   It inflicts no extra harm, but heals its wielder when it wounds a living foe.
   It protects you from fire.
   It protects you from negative energy.
   It lets you see invisible.
   It makes you less stealthy.
 D - a +0 flail of venom
Missiles
 p - 5 silver boomerangs (quivered)
 r - 3 javelins
Armour
 i - a +2 robe of positive energy (worn)
 n - a +3 chain mail of poison resistance
 E - a +0 cloak (worn)
 I - a +0 pair of gloves (worn)
Jewellery
 o - an uncursed amulet of guardian spirit
 w - a ring of see invisible (left hand)
 F - a ring of resist corrosion (right hand)
Wands
 l - a wand of clouds (6)
 G - a wand of polymorph (9)
Scrolls
 a - 2 scrolls of amnesia {unknown}
 e - 3 scrolls of blinking {unknown}
 g - 2 scrolls of noise {unknown}
 j - 3 scrolls of remove curse
 y - a scroll of brand weapon {unknown}
 z - a scroll of teleportation
Potions
 b - 4 potions of curing
 d - 2 potions of haste
 h - a potion of cancellation
 k - 2 potions of brilliance {unknown}
 q - 2 potions of lignification {!q}
 s - 3 potions of mutation {unknown}
 u - 2 potions of heal wounds
 v - a potion of might
 x - a potion of magic
 A - a potion of berserk rage {!q}
 B - a potion of ambrosia
 H - a potion of flight
Comestibles
 c - 10 rations
 C - 4 chunks of flesh


   Skills:
 + Level 1.8 Fighting
 + Level 1.7 Long Blades
 + Level 2.6 Dodging
 - Level 1.7 Stealth
 + Level 6.3 Spellcasting
 + Level 8.8 Necromancy
 + Level 0.2 Earth Magic
 + Level 2.0 Evocations


You had 6 spell levels left.
You knew the following spells:

 Your Spells              Type           Power        Failure   Level  Hunger
a - Pain                  Necr           ####         1%          1    None
b - Vampiric Draining     Necr           #####.....   1%          3    ##.....
v - Borgnjor's Vile Clut  Necr/Erth      ###.......   45%         5    #####..
x - Animate Dead          Necr           N/A          3%          4    ####...

Your spell library contained the following spells:

 Spells                   Type           Power        Failure   Level  Hunger
 Animate Skeleton         Necr           N/A          1%          1    None
 Sublimation of Blood     Necr           #####.....   1%          2    None
 Dispel Undead            Necr           #####...     3%          4    ####...
 Agony                    Necr           #####...     9%          5    #####..
 Confusing Touch          Hex            #.......     34%         3    ##.....
 Gell's Gravitas          Tloc           #.........   34%         3    ##.....
 Excruciating Wounds      Chrm/Necr      ###.......   45%         5    #####..
 Petrify                  Tmut/Erth      #.......     73%         4    ####...
 Metabolic Englaciation   Hex/Ice        #.........   97%         5    #####..
 Yara's Violent Unravell  Hex/Tmut       #.........   97%         5    #####..


Dungeon Overview and Level Annotations

Branches:
Dungeon (6/15)             Temple (0/1) D:4           Sewer (visited)
Ossuary (visited)

Altars:
Gozag
Kikubaaqudgha
Makhleb
Vehumet

Shops:
D:2 *   D:4 [

Portals:
Abyss: D:3

Annotations:
D:3 1 transporter, Esekla's ghost, amateur SpAr; Grinder


Innate Abilities, Weirdness & Mutations

You have a pair of small antennae on your head.
You may emit foul miasma when damaged in melee.
You are immune to rotting.


Message History

The ufetubus shouts!
There is a transporter here.
You enter the transporter and appear at another place.
The ufetubus hits you but does no damage.
The ufetubus hits you.
The gnoll hits you with the +6 spear "Weimyuxt" {distort, Dex+4}!
Space warps horribly around you!!
The gnoll looks sick.
Press: ? - help, v - describe, . - travel
Here: a white imp The floor.
Unknown command.
As you read the scroll labeled VOUXOCL ULOS, it crumbles to dust.
You feel strangely unstable.
It was a scroll of teleportation.
The ufetubus completely misses you.
You riposte.
You miss the ufetubus.
The ufetubus hits you but does no damage.
The small abomination hits you!!
* * * LOW HITPOINT WARNING * * *
The gnoll hits you with the +6 spear "Weimyuxt" {distort, Dex+4}.
You die...
Kikubaaqudgha rasps: "You have failed me!
Welcome... death!"

#.#..###....####......##.........
#+#.##.##..##..####...##.....####
....#§..##.##....x#...##.....##..
....##^^.###..##.##...+......''..
.....# ....∩ #####....##.....##..
.....###.##.##........##.....+...
.......#.x#.#...§..+####.....##..
.......#...##..###...........##..
......##...#..##@##..##......##..
.....## .#.##.#5xg##.........##..
+##..#.^.# .###.5.##..#########..
....##..## ......##...# #..
.##©#{...##.#...©#....# #..
.##.#.###...##...#..### #..
....###.##.####.##.## ###
###......###..###..#
######..........##


You could see a small abomination, a gnoll, a white imp and an ufetubus.

Vanquished Creatures
  Sigmund (D:3)
  Edmund (D:5)
  2 ogres
  Blork the orc (D:4)
  A bullfrog (D:6)
  A big kobold (Sewer)
  A scorpion (D:4)
  A quasit (D:6)
  An orc priest (D:5)
  A hound (D:4)
  A bullfrog skeleton (D:5)
  A jelly (D:5)
  3 orc wizards
  Ijyb (D:2)
  Terence (D:3)
  2 worker ants
  A big kobold zombie (Ossuary)
  8 mummies (Ossuary)
  A howler monkey zombie (D:6)
  5 gnolls
  12 adders
  A river rat (Sewer)
  2 shadow imps (D:5)
  An adder skeleton (D:5)
  6 worms
  4 dart slugs
  7 leopard geckos
  16 orcs
  3 ball pythons
  6 bats
  6 giant cockroaches
  12 goblins
  7 hobgoblins
  8 jackals
  9 kobolds
  3 quokkas
  7 frilled lizards
  2 gnoll zombies (Ossuary)
  A hobgoblin zombie (Ossuary)
  3 kobold zombies (Ossuary)
  An orc zombie (Ossuary)
  8 rats
160 creatures vanquished.

Notes
Turn   | Place    | Note
-------+----------+-------------------------------------------
     0 | D:1      | mopl the Demonspawn Necromancer began the quest for the
                  | Orb.
     0 | D:1      | Reached XP level 1. HP: 13/13 MP: 3/3
   197 | D:1      | Gained mutation: You are immune to rotting. [demonic
                  | ancestry]
   197 | D:1      | Reached XP level 2. HP: 10/19 MP: 0/5
   929 | D:1      | Reached skill level 5 in Necromancy
   929 | D:1      | Reached XP level 3. HP: 16/24 MP: 2/7
   934 | D:1      | Learned a level 3 spell: Vampiric Draining
  1245 | D:1      | Reached skill level 3 in Spellcasting
  1458 | D:2      | Gained mutation: You have a pair of small antennae on your
                  | head. [demonic ancestry]
  1458 | D:2      | Reached XP level 4. HP: 22/30 MP: 4/8
  1522 | D:2      | Found an ancient bone altar of Kikubaaqudgha.
  1544 | D:2      | Became a worshipper of Kikubaaqudgha
  1816 | D:2      | Found Gozag's Platinum Reserve.
  2201 | D:2      | Found an opulent altar of Gozag.
  2854 | D:3      | Noticed Ijyb
  2868 | D:3      | Noticed a small abomination
  2869 | D:3      | Found a one-way gate to the infinite horrors of the Abyss.
  2869 | D:3      | Noticed Esekla's ghost (amateur SpAr)
  2892 | D:3      | Reached XP level 5. HP: 13/35 MP: 3/10
  3166 | D:2      | Killed Ijyb
  3199 | D:3      | Noticed Terence
  3225 | D:3      | Killed Terence
  3225 | D:3      | Reached skill level 4 in Spellcasting
  3225 | D:3      | Reached skill level 6 in Necromancy
  3284 | D:3      | Found a radiant altar of Vehumet.
  3590 | D:3      | Reached * piety under Kikubaaqudgha
  3590 | D:3      | Identified Kikubaaqudgha's Collected Works on Black Rites
                  | (Kikubaaqudgha gifted it to you on level 3 of the Dungeon)
  3590 | D:3      | Received a gift from Kikubaaqudgha
  3930 | D:3      | Noticed an ogre
  3943 | D:3      | Killed an ogre
  3943 | D:3      | Reached XP level 6. HP: 17/41 MP: 0/12
  3969 | D:3      | Noticed Sigmund
  4140 | D:3      | Killed Sigmund
  4140 | D:3      | Reached skill level 5 in Spellcasting
  4140 | D:3      | Reached skill level 7 in Necromancy
  4431 | D:3      | Found a transporter.
  4434 | D:3      | Found a transporter.
  4470 | D:3      | Identified the +6 spear "Weimyuxt" {distort, Dex+4}
  4556 | D:3      | Learned a level 4 spell: Animate Dead
  4572 | D:3      | Noticed Grinder
  4820 | D:4      | Identified the +5 falchion of Chaos {vamp, rF+ rN+ SInv
                  | Stlth-}
  4838 | D:4      | Gained mutation: You may emit foul miasma when damaged in
                  | melee. [demonic ancestry]
  4838 | D:4      | Reached XP level 7. HP: 37/46 MP: 6/14
  4921 | D:4      | Found Agupoapt's Antique Armour Boutique.
  4925 | D:4      | Found a sand-covered staircase.
  4942 | Ossuary  | Entered an ossuary
  6079 | D:4      | Reached ** piety under Kikubaaqudgha
  6311 | D:4      | Found a burning altar of Makhleb.
  6311 | D:4      | Noticed a blizzard demon
  6372 | D:4      | Found a staircase to the Ecumenical Temple.
  6405 | D:4      | Noticed Blork the orc
  6417 | D:4      | Killed Blork the orc
  6547 | D:4      | Reached skill level 8 in Necromancy
  6777 | D:5      | Entered Level 5 of the Dungeon
  6783 | D:5      | Reached skill level 6 in Spellcasting
  6799 | D:5      | Reached XP level 8. HP: 18/52 MP: 0/17
  6876 | D:5      | Noticed Edmund
  7031 | D:5      | Killed Edmund
  7031 | D:5      | Reached skill level 1 in Fighting
  7031 | D:5      | Reached skill level 2 in Dodging
  7031 | D:5      | Reached skill level 1 in Evocations
  7039 | D:5      | Reached skill level 1 in Long Blades
  7244 | D:5      | Found a glowing drain.
  7254 | Sewer    | Entered a sewer
  7366 | Sewer    | Found a white marble altar of Elyvilon.
  7872 | D:6      | Reached *** piety under Kikubaaqudgha
  7872 | D:6      | Identified Kikubaaqudgha's Almanac of Necromancy
                  | (Kikubaaqudgha gifted it to you on level 6 of the Dungeon)
  7872 | D:6      | Received a gift from Kikubaaqudgha
  7888 | D:6      | Learned a level 5 spell: Borgnjor's Vile Clutch
  7906 | D:6      | Reached skill level 2 in Evocations
  8151 | D:3      | Slain by a gnoll

Levels and vault maps discovered:
D:1:      wander_arrival_lonely_grave, layout_loops_ring
D:2:      layout_basic, old_standard_altar, st_stairs_9,
          nicolae_gozag_zags_fifth_avenue
D:3:      layout_basic, vehumet_crystals, gammafunk_ghost_abyssal_escape,
          uniq_terence, uniq_sigmund, uniq_ijyb, uniq_grinder
D:4:      layout_loops_ring, minmay_temple_entry_antechambers, serial_shops,
          nicolae_shop_overgrown_old_shop, nicolae_ossuary_entry_plus,
          chequers_serial_rivers_small_3, grunt_ministairs_8,
          makhleb_altar_promises_db, uniq_blork_the_orc
D:5:      layout_basic, first_ration, cheibrodos_sewer_entry_bend, uniq_edmund
D:6:      layout_basic

Skill      XL: |  1  2  3  4  5  6  7  8 |
---------------+-------------------------+-----
Necromancy     | 5 6 7 8 |  8.8
Spellcasting   | 3 4 5 6 |  6.3
Fighting       | 1 |  1.8
Dodging        | 2 |  2.6
Evocations     | 2 |  2.0
Long Blades    | 1 |  1.7
Stealth        | |  1.7
Earth Magic    | |  0.2

Action                   |  1- 3 |  4- 6 |  7- 9 || total
-------------------------+-------+-------+-------++-------
Melee: Short sword       |    26 |    88 |       ||   114
       Falchion          |       |    88 |   198 ||   286
Throw: Boomerang         |       |       |    53 ||    53
 Cast: Pain              |    38 |    41 |    29 ||   108
       Vampiric Draining |     3 |    28 |    19 ||    50
Evoke: Wand              |       |    11 |       ||    11
  Use: Scroll            |       |     2 |    10 ||    12
       Potion            |       |     2 |     1 ||     3
 Stab: Sleeping          |     1 |     7 |       ||     8
       Distracted        |       |     1 |       ||     1
  Eat: Chunk             |     2 |    13 |     9 ||    24
       Ration            |       |       |     1 ||     1
Armor: Robe              |    11 |    27 |    47 ||    85
Dodge: Dodged            |    45 |   160 |   136 ||   341
       Rpst.: Falchion   |       |    22 |    36 ||    58

Table legend:
 A = Non-vault XP
 B = Vault XP
 C = Vault XP percentage of total XP
 D = Non-vault monster count
 E = Vault monster count
 F = Vault count percentage of total count
                 A         B        C        D         E       F
            +---------+---------+-------+---------+---------+-------
      Total |    1250 |     868 |  41.0 |     119 |      41 |  25.6
            +---------+---------+-------+---------+---------+-------
        D:1 |      63 |      13 |  17.1 |      22 |       1 |   4.3
        D:2 |     107 |      39 |  26.7 |      26 |       3 |  10.3
        D:3 |     184 |     256 |  58.2 |      22 |       2 |   8.3
        D:4 |     246 |     110 |  30.9 |      22 |       6 |  21.4
        D:5 |     439 |     158 |  26.5 |      20 |       2 |   9.1
        D:6 |     211 |       0 |   0.0 |       7 |       0 |   0.0
      Sewer |       0 |     117 | 100.0 |       0 |      11 | 100.0
    Ossuary |       0 |     175 | 100.0 |       0 |      16 | 100.0
            +---------+---------+-------+---------+---------+-------
